 Dungeon Crawl Stone Soup version 0.31-a0-161-gb58dd9be76 (webtiles) character file.

Game seed: 14147859181388111447

97 Serulin the Sneak (level 4, -2/29 HPs)
             Began as a Gargoyle Delver on June 13, 2023.
             Killed from afar by a white imp (7 damage)
             ... with a puff of frost
             ... on level 5 of the Dungeon.
             The game lasted 00:03:58 (369 turns).

Serulin the Sneak (Gargoyle Delver)                  Turns: 369, Time: 00:03:59

Health: -2/29      AC:  6    Str: 18    XL:     4   Next: 68%
Magic:  4/4        EV: 12    Int: 10    God:
Gold:   5          SH:  0    Dex: 11    Spells: 3/3 levels left

rFire   . . .        h - +12 whip of Nacem {drain, rN+ rCorr}
rCold   . . .        (no shield)
rNeg    + + .        b - +0 leather armour
rPois   ∞            (no helmet)
rElec   +            (no cloak)
rCorr   +            (no gloves)
SInv    .            (no boots)
Will    .....        (no amulet)
Stlth   +++          (no ring)
HPRegen 0.24/turn    (no ring)
MPRegen 0.09/turn

%: no passive effects
@: no status effects
A: sickness immunity, AC +3, negative energy resistance 1, electricity
resistance, torment resistance 1, petrification resistance
a: no special abilities


You were on level 5 of the Dungeon.
You visited 1 branch of the dungeon, and saw 2 of its levels.

You collected 5 gold pieces.

Inventory:

Hand Weapons
 h - the +12 whip of Nacem (weapon) {drain, rN+ rCorr}
   (You found it on level 5 of the Dungeon)

   rN:        It protects you from negative energy.
   rCorr:     It protects you from acid and corrosion.
Armour
 b - a +0 leather armour (worn)
Wands
 g - a wand of digging (3)
Scrolls
 c - a scroll of fog
 d - a scroll of revelation
 e - a scroll of fear
Potions
 f - a potion of haste


   Skills:
 + Level 4.0 Fighting
 + Level 2.8 Maces & Flails
 * Level 1.9 Armour
 + Level 2.2 Dodging
 - Level 5.7 Stealth


You had 3 spell levels left.
You didn't know any spells.
Your spell library was empty.

Dungeon Overview and Level Annotations

Branches:
Dungeon (6/15)
 Temple: D:4-7

Altars:


Innate Abilities, Weirdness & Mutations

You are immune to sickness and miasma.
Your stone body is resilient. (AC +3)
You are immune to poison.
You resist negative energy. (rN+)
You are resistant to electric shocks. (rElec)
You are resistant to unholy torment.
You are immune to petrification.


Message History

You start resting.
HP restored.
You climb upwards.
There is a stone staircase leading down here.
The gnoll hits you but does no damage.
You barely miss the gnoll. The gnoll hits you with a +0 spear.
You whack the gnoll!
The gnoll is severely wounded.
You barely miss the gnoll.
The gnoll is severely wounded.
The gnoll hits you but does no damage.
You closely miss the gnoll.
The gnoll is severely wounded.
The gnoll hits you with a +0 spear.
You barely miss the gnoll.
The gnoll is heavily wounded.
The gnoll hits you with a +0 spear.
You closely miss the gnoll.
The gnoll is heavily wounded.
The gnoll hits you with a +0 spear.
You barely miss the gnoll.
The gnoll is heavily wounded.
The gnoll hits you with a +0 spear.
The white imp shouts, "Slither hence, thou gorbellied toad-spotted tiler!"
You whack the gnoll!
You kill the gnoll!
Your Fighting skill increases to level 4!
The white imp hits you. The white imp freezes you.
There is a stone staircase leading down here.
You closely miss the white imp. The white imp hits you.
The white imp freezes you.
* * * LOW HITPOINT WARNING * * *
You hit the white imp.
The white imp is lightly wounded.
The white imp closely misses you.
You whack the white imp!
The white imp is severely wounded.
The white imp gestures at you. The puff of frost hits you!
You die...

........... ....#....# #
..##...## #..
##.#.....## ###..
#..#......# .#...#
##.........##
......##.....##.)..###
....g!.g...g.##......#..
...........##.##@!......
#.............5.#...#.
####....#...#....#..##
.#.......##..#.......#
..).##...#..###)#....#
.##).###....# ####....#
#...# ##..## #...#
##.#####.#..# ..##
......g....## ##


You could see a white imp.

Vanquished Creatures
  A jelly (D:6)
  An iguana (D:5)
  4 gnolls (D:5)
  An orc (D:6)
7 creatures vanquished.

Notes
Turn   | Place    | Note
-------+----------+-------------------------------------------
     0 | D:5      | Serulin the Gargoyle Delver began the quest for the Orb.
     0 | D:5      | Reached XP level 1. HP: 14/14 MP: 1/1
     3 | D:5      | Identified the +12 whip of Nacem {drain, rN+ rCorr}
    11 | D:5      | Noticed an iguana
    25 | D:5      | Killed an iguana
    26 | D:5      | Reached XP level 2. HP: 15/19 MP: 2/2
    26 | D:5      | Reached XP level 3. HP: 19/23 MP: 3/3
    54 | D:5      | Reached skill level 1 in Armour
   192 | D:6      | Reached XP level 4. HP: 29/29 MP: 4/4
   273 | D:6      | Noticed an ogre
   369 | D:5      | Killed from afar by a white imp

Illustrated notes

Levels and vault maps discovered:
D:5:      layout_cave_pools, uniq_pikel, uniq_ijyb
D:6:      layout_gridville, nicolae_shop_self_help

Skill      XL: |  1  2  3  4 |
---------------+-------------+-----
Dodging        | 2 |  2.2
Armour         | 1 |  1.9
Fighting       | 4 |  4.0
Maces & Flails | |  2.8
Stealth        | |  5.7

Action                     |  1- 3 |  4- 6 || total
---------------------------+-------+-------++-------
  Melee: Whip              |     8 |    16 ||    24
    Use: Scroll            |       |     1 ||     1
   Stab: Sleeping          |     2 |       ||     2
 Armour: Leather armour    |     1 |     3 ||     4
  Dodge: Dodged            |     3 |     2 ||     5

Table legend: (Time is in decaauts)
 A = Elapsed time spent in this place.
 B = Non-inter-level travel time spent in this place.
 C = Inter-level travel time spent in this place.
 D = Time resting spent in this place.
 E = Time spent auto-exploring this place.
 F = Levels seen in this place.
 G = Mean time per level.
                   A        B        C        D        E       F      G
               +--------+--------+--------+--------+--------+-----+--------+
         Total |    368 |    368 |      0 |    112 |      0 |   2 |  184.0 |
       Dungeon |    368 |    368 |      0 |    112 |      0 |   2 |  184.0 |
               +--------+--------+--------+--------+--------+-----+--------+

Top non-repeatable levels by time:
     D:6: 271 daAuts
     D:5: 97 daAuts
